 Dungeon Crawl Stone Soup version 0.19.1 (webtiles) character file.

586 sveltemanboy the Cleaver (level 7, -5/57 HPs)
             Began as a Hill Orc Monk on Dec 11, 2016.
             Was a Believer of Ashenzari.
             Killed by nerve-wracking pain
             ... invoked by Grinder
              (13 damage)
             ... on level 5 of the Dungeon.
             The game lasted 00:13:27 (3644 turns).

sveltemanboy the Cleaver (Hill Orc Monk)            Turns: 3644, Time: 00:13:28

Health: -5/57      AC:  6    Str: 14    XL:     7   Next: 37%
Magic:  16/16      EV: 11    Int: 12    God:    Ashenzari [**....]
Gold:   222        SH:  0    Dex: 13    Spells: 0 memorised, 6 levels left

rFire  . . .     SeeInvis .     n - +2 flail (drain)
rCold  . . .     Gourm    .     p - +0 ring mail
rNeg   . . .     Faith    .     (no shield)
rPois  .         Spirit   .     (no helmet)
rElec  .         Reflect  .     (no cloak)
rCorr  .         Harm     .     k - +0 pair of gloves (curse)
MR     .....                    (no boots)
Stlth  +.........               (no amulet)
                                (no ring)
                                u - ring of magical power (curse)

@: no status effects
A: no striking features
a: Curse Item, Scrying, Renounce Religion


You were on level 5 of the Dungeon.
You worshipped Ashenzari.
Ashenzari was pleased with you.
You were very hungry.

You visited 1 branch of the dungeon, and saw 5 of its levels.

You collected 222 gold pieces.

Inventory:

Hand Weapons
 a - a +0 hand axe
 b - a +0 blowgun
 n - a +2 flail of draining (weapon)
Missiles
 e - 21 poisoned needles
 s - 2 tomahawks (quivered)
Armour
 k - a cursed +0 pair of gloves (worn)
 l - a +0 buckler
 p - a +0 ring mail (worn)
Jewellery
 u - a cursed ring of magical power (left hand)
Wands
 j - a wand of lightning (0/15)
 o - a wand of iceblast (0/15)
Scrolls
 d - 3 scrolls of enchant armour
 f - 6 scrolls of identify
Potions
 g - a potion of cancellation
 h - a potion of cure mutation
Comestibles
 c - 4 bread rations
 i - 2 meat rations
 m - a royal jelly
 q - a beef jerky
 t - 2 fruits


   Skills:
 - Level 3.6 Fighting
 * Level 9.3 Axes
 + Level 1.7 Throwing
 - Level 3.5 Armour
 - Level 2.4 Dodging
 - Level 1.5 Stealth


You had 6 spell levels left.
You didn't know any spells.

Dungeon Overview and Level Annotations

Branches:
Dungeon (5/15)
 Temple: D:4-7

Altars:
Ashenzari
Gozag
Trog
Zin

Annotations:
D:5 Grinder


Message History

Grinder is heavily wounded.
Grinder hits you.
You writhe in agony.
* * * LOW HITPOINT WARNING * * *
You are too injured to fight recklessly!
You are too injured to fight recklessly!
You barely miss Grinder.
Grinder is heavily wounded.
Grinder blinks!
Grinder hits you.
* * * LOW HITPOINT WARNING * * *
You writhe in agony.
* * * LOW HITPOINT WARNING * * *
You hit Grinder but do no damage.
Grinder is heavily wounded.
Grinder hits you but does no damage.
You hit Grinder.
Grinder is severely wounded.
Grinder gestures at you. Pain shoots through your body!
You die...

#.# #.#### ##'## #.#
##<..## #.#
##.....## #.##
##.......## #..##
##.........####...##
.+.........+.......#
##.........####..5##
##.......## #.@##
##....)## #.##
##...## #.# ##'##
#.# #.# #.# #.# #.#
##.## #.# ##...##
#.#
####.....######.#


You could see Grinder.

Vanquished Creatures
  An ogre (D:4)
  2 scorpions
  A crimson imp (D:5)
  A hound (D:4)
  An orc wizard (D:4)
  2 orc priests
  An iguana (D:4)
  A worker ant (D:4)
  A worker ant zombie (D:5)
  7 adders
  An ooze (D:3)
  4 worms
  A dart slug (D:4)
  4 leopard geckos
  20 orcs
  3 giant cockroaches
  7 goblins
  8 hobgoblins
  4 jackals (D:1)
  9 kobolds
  A ball python (D:3)
  6 bats
  2 frilled lizards
  8 rats
96 creatures vanquished.

Notes
Turn   | Place    | Note
-------+----------+-------------------------------------------
     0 | D:1      | sveltemanboy the Hill Orc Monk began the quest for the Orb.
     0 | D:1      | Reached XP level 1. HP: 19/19 MP: 1/1
    92 | D:1      | Reached XP level 2. HP: 21/26 MP: 2/2
   223 | D:1      | Found a shattered altar of Ashenzari.
   261 | D:1      | Reached skill level 1 in Armour
   468 | D:1      | Became a worshipper of Ashenzari the Shackled
   468 | D:1      | Reached * piety under Ashenzari
   468 | D:1      | Reached ** piety under Ashenzari
   534 | D:1      | Reached skill level 5 in Axes
   710 | D:2      | Reached XP level 3. HP: 31/31 MP: 3/3
  1012 | D:2      | Reached XP level 4. HP: 35/39 MP: 4/4
  1179 | D:3      | Reached skill level 6 in Axes
  1687 | D:3      | Reached XP level 5. HP: 14/45 MP: 5/5
  2069 | D:3      | Found an opulent altar of Gozag.
  2070 | D:3      | Found a glowing silver altar of Zin.
  2223 | D:4      | Reached skill level 7 in Axes
  2334 | D:4      | Noticed an ogre
  2371 | D:4      | Reached XP level 6. HP: 29/51 MP: 6/6
  2629 | D:4      | Reached skill level 8 in Axes
  3151 | D:4      | Reached XP level 7. HP: 46/57 MP: 7/7
  3172 | D:4      | Reached skill level 1 in Throwing
  3411 | D:4      | Found a bloodstained altar of Trog.
  3430 | D:5      | Entered Level 5 of the Dungeon
  3434 | D:5      | Reached skill level 9 in Axes
  3629 | D:5      | Noticed Grinder
  3644 | D:5      | Killed from afar by Grinder

Skill      XL: |  1  2  3  4  5  6  7 |
---------------+----------------------+-----
Armour         | 1 2 3 |  3.5
Axes           | 5 6 7 8 9 |  9.3
Throwing       | 1 |  1.7
Fighting       | |  3.6
Dodging        | |  2.4
Stealth        | |  1.5

Action                   |  1- 3 |  4- 6 |  7- 9 || total
-------------------------+-------+-------+-------++-------
Melee: Hand axe          |   123 |   215 |       ||   338
       Flail             |       |     5 |    69 ||    74
 Fire: Blowgun           |       |    26 |       ||    26
Throw: Tomahawk          |       |     2 |       ||     2
Invok: Curse Item        |       |     1 |     1 ||     2
Evoke: Wand              |       |     5 |       ||     5
  Use: Potion            |       |     7 |       ||     7
       Scroll            |       |     4 |       ||     4
  Eat: Chunk             |       |     8 |       ||     8
Armor: Robe              |     2 |       |       ||     2
       Chain mail        |    63 |     1 |       ||    64
       Ring mail         |       |    49 |    19 ||    68
       Skin              |       |    11 |       ||    11
Dodge: Dodged            |    52 |   120 |    30 ||   202
